 Dungeon Crawl Stone Soup version 0.23.2-1-ga50397a6bc (webtiles) character file.

Game seed: 1532251690236483461

6857 BorisKarlOrff the Spear-Bearer (level 10, -9/90 HPs)
             Began as a Minotaur Chaos Knight on May 30, 2019.
             Was a Plaything of Xom.
             Mangled by a troll (shapeshifter) (10 damage)
             ... on level 8 of the Dungeon.
             The game lasted 00:32:25 (6868 turns).

BorisKarlOrff the Spear-Bearer (MiCK)               Turns: 6868, Time: 00:32:25

Health: -9/90      AC: 15    Str: 17    XL:     10   Next: 78%
Magic:  9/9        EV: 10    Int:  9    God:    Xom [...*..]
Gold:   800        SH:  0    Dex: 15    Spells: 9/9 levels left

rFire    + + .     SeeInvis .   r - +1 scimitar (flame)
rCold    . . .     Gourm    .   (no shield)
rNeg     . . .     Faith    .   b - +0 plate armour
rPois    +         Spirit   .   (helmet restricted)
rElec    .         Reflect  .   C - +1 cloak {+Inv}
rCorr    +         Harm     .   (no gloves)
MR       +....                  (no boots)
Stlth    ..........             A - amulet of rage
HPRegen  0.65/turn              y - ring of resist corrosion
MPRegen  0.11/turn              t - ring of fire

@: berserk cooldown, slowed, very slow
A: retaliatory headbutt, hooves 1, horns 2, icy blue scales 1, thin metallic
scales 1, agile 1, blink, cold resistance 1, deformed body, fire resistance 1,
magic resistance 1, poison resistance, regeneration 1, MP-powered wands, sturdy
frame 1
a: Blink, Renounce Religion, Evoke Berserk Rage, Evoke Invisibility


You were on level 8 of the Dungeon.
You worshipped Xom.
You were a favourite toy of Xom.
You were not hungry.

You visited 1 branch of the dungeon, and saw 8 of its levels.
You also visited: Bailey.

You collected 800 gold pieces.

Inventory:

Hand Weapons
 a - a +2 spear of chaos
 r - a +1 scimitar of flaming (weapon)
Missiles
 u - 50 tomahawks of returning (quivered)
Armour
 b - a +0 plate armour (worn)
 h - a +3 ring mail of poison resistance
 C - a +1 cloak of invisibility (worn)
Jewellery
 m - an uncursed ring of protection from cold
 s - an uncursed ring of ice
 t - a ring of fire (right hand)
 y - a ring of resist corrosion (left hand)
 A - an amulet of rage (around neck)
Wands
 l - a wand of polymorph (28)
 n - a wand of paralysis (6)
 p - a wand of iceblast (4)
 z - a wand of clouds (4)
 B - a wand of acid (5)
Scrolls
 e - 4 scrolls of amnesia
 f - 4 scrolls of remove curse
 k - 9 scrolls of identify
 w - a scroll of fog
 x - a scroll of blinking
Potions
 g - 2 potions of haste
 i - 2 potions of curing
 j - a potion of magic
 o - 2 potions of brilliance
 q - 3 potions of lignification
 v - a potion of agility
Comestibles
 c - 6 rations


   Skills:
 + Level 8.8 Fighting
 + Level 2.3 Long Blades
 + Level 10.8 Polearms
 * Level 6.5 Throwing
 + Level 9.1 Armour
 + Level 6.0 Dodging
 + Level 4.2 Stealth
 + Level 0.1 Evocations


You had 9 spell levels left.
You didn't know any spells.
Your spell library contained the following spells:

 Spells                   Type           Power        Failure   Level  Hunger
 Confusing Touch          Hex            #.....       99%         1    ##.....
 Flame Tongue             Conj/Fire      #....        99%         1    ##.....
 Magic Dart               Conj           #...         99%         1    ##.....
 Blink                    Tloc           N/A          100%        2    ###....
 Call Imp                 Summ           #.......     100%        2    ###....
 Slow                     Hex            #.......     100%        2    ###....
 Throw Flame              Conj/Fire      #.....       100%        2    ###....
 Confuse                  Hex            #.......     100%        3    ####...
 Conjure Flame            Conj/Fire      #.......     100%        3    ####...
 Gell's Gravitas          Tloc           #.........   100%        3    ####...
 Ignite Poison            Fire/Tmut/Pois #.......     100%        3    ####...
 Inner Flame              Hex/Fire       #.......     100%        3    ####...
 Mephitic Cloud           Conj/Pois/Air  #.......     100%        3    ####...
 Petrify                  Tmut/Erth      #.......     100%        4    #####..
 Sticky Flame             Conj/Fire      #.......     100%        4    #####..
 Bolt of Magma            Conj/Fire/Erth #.........   100%        5    ######.
 Fireball                 Conj/Fire      #.........   100%        5    ######.
 Metabolic Englaciation   Hex/Ice        #.........   100%        5    ######.
 Yara's Violent Unravell  Hex/Tmut       #.........   100%        5    ######.
 Bolt of Fire             Conj/Fire      #.........   100%        6    #######
 Ring of Flames           Chrm/Fire      #.........   100%        7    #######
 Ignition                 Fire           #.........   100%        8    #######


Dungeon Overview and Level Annotations

Branches:
Dungeon (8/15)             Temple (0/1) D:6            Lair (0/6) D:8

Altars:
Ashenzari
Dithmenos
Elyvilon
Fedhas
Hepliaklqana
Trog
Vehumet
Wu Jian
Xom
Zin

Annotations:
Abyss:1 Grinder


Innate Abilities, Weirdness & Mutations

You reflexively headbutt those who attack you in melee.
You have a pair of horns on your head.
You have large cloven feet.
You are partially covered in icy blue scales. (AC +2)
You are partially covered in thin metallic scales. (AC +2)
You are agile. (Dex +2)
You can translocate small distances at will.
Your flesh is cold resistant. (rC+)
Armour fits poorly on your strangely shaped body.
Your flesh is heat resistant. (rF+)
You are resistant to hostile enchantments. (MR+)
Your system is resistant to poisons. (rPois)
Your natural rate of healing is unusually fast.
You expend magic power (3 MP) to strengthen your wands.
Your movements are slightly less encumbered by armour. (ER -2)


Message History

The troll bites you but does no damage. The troll claws you but does no damage.
The troll misses you.
You barely miss the troll. You kick the troll! You headbutt the troll.
The troll is moderately wounded.
You are no longer berserk.
You are exhausted.
You feel as though you will be slow longer.
The troll bites you!
* * * LOW HITPOINT WARNING * * *
The troll barely misses you. x2
You slash the troll! You burn the troll. Your kick misses the troll.
The troll is heavily wounded.
The troll bites you but does no damage. The troll claws you but does no damage.
The troll misses you. The troll bites you.
* * * LOW HITPOINT WARNING * * *
The troll claws you.
* * * LOW HITPOINT WARNING * * *
The troll claws you!
You die...
Xom is highly amused!

..#'##.....###...#........#
###.##......>.[..#.#..##..#
..#..#....########.##....##
#.#..#....###^..#...#.####
#.##.###...##. #..#.#.#
#....###.#.##.###...#.#
#........#.###.###.##.#
#.#####..#.####T###.#.#
#....[....[#c{c#@##.#[#
...#..####.#.DH##.☼.#.#
##.#..)....##}W######.#
......#..#..### #.#
...####...#.# #.#
.....###..#.## #.#
.#...##...#..########.#
..#(.##..<.....#....#.#
#.....#........#.##...#


You could see a fire dragon, a flayed ghost, 2 centaur warriors, a manticore and
a troll.

Vanquished Creatures
  Erica (D:8)
  An orc knight (Bailey)
  Maurice (D:8)
  A freezing wraith (D:8)
  A hippogriff (D:7)
  Sigmund (D:3)
  Eustachio (D:8)
  A hungry ghost (D:8)
  Edmund (D:6)
  2 wargs (D:8)
  Duvessa (D:6)
  2 sky beasts
  9 orc warriors
  A black bear (D:6)
  An ice beast (D:6)
  5 ogres
  2 centaurs (D:7)
  Blork the orc (D:6)
  2 gnoll sergeants (D:8)
  4 scorpions
  Dowan (D:6)
  3 killer bees (D:8)
  11 wights
  A howler monkey (D:6)
  A bullfrog zombie (D:8)
  A jelly (D:4)
  A centaur zombie (D:8)
  A hound (D:7)
  A quasit (D:7)
  A centaur skeleton (D:4)
  5 orc priests
  6 orc wizards
  2 bullfrog skeletons
  Jessica (D:2)
  Terence (D:3)
  8 worker ants
  Natasha (thrice) (D:2)
  A killer bee zombie (D:6)
  A hound skeleton (D:4)
  A howler monkey skeleton (D:6)
  9 adders
  13 gnolls
  3 oozes
  An adder zombie (D:2)
  3 worms
  5 dart slugs
  6 leopard geckos
  33 orcs
  6 bats
  5 giant cockroaches
  23 goblins
  8 hobgoblins
  5 jackals
  24 kobolds
  6 quokkas
  2 ball pythons
  A frilled lizard (D:1)
  A leopard gecko skeleton (D:7)
  13 rats
257 creatures vanquished.

Vanquished Creatures (collateral kills)
  Prince Ribbit (D:6)
  An orc wizard (D:6)
  An adder (D:6)
  An ooze (D:6)
  4 orcs
8 creatures vanquished.

Vanquished Creatures (others)
  A centaur (D:4)
  4 bushes (D:4)
  2 plants (D:8)
7 creatures vanquished.

Grand Total: 272 creatures vanquished

Notes
Turn   | Place    | Note
-------+----------+-------------------------------------------
     0 | D:1      | BorisKarlOrff the Minotaur Chaos Knight began the quest for
                  | the Orb.
     0 | D:1      | Reached XP level 1. HP: 19/19 MP: 0/0
    17 | D:1      | XOM: divination: magic mapping
    91 | D:1      | Reached XP level 2. HP: 22/27 MP: 1/1
   142 | D:1      | Reached skill level 4 in Polearms
   270 | D:1      | XOM: divination: detect items
   303 | D:1      | Reached XP level 3. HP: 33/34 MP: 2/2
   468 | D:1      | You fall through a shaft!
   468 | D:2      | Found a shattered altar of Ashenzari.
   555 | D:2      | XOM: silly message
   625 | D:2      | Noticed Jessica
   631 | D:2      | Killed Jessica
   631 | D:2      | Reached XP level 4. HP: 23/41 MP: 3/3
   641 | D:2      | Noticed Natasha
   652 | D:2      | Killed Natasha
   690 | D:2      | Reached skill level 5 in Polearms
   948 | D:2      | Noticed Natasha
   951 | D:2      | XOM: butterfly on damage
   955 | D:2      | Killed Natasha
   955 | D:2      | Reached XP level 5. HP: 16/47 MP: 4/4
  1005 | D:2      | Noticed Natasha
  1020 | D:2      | Killed Natasha
  1020 | D:2      | Reached skill level 5 in Fighting
  1025 | D:2      | XOM: harmless Chrm miscast
  1139 | D:2      | XOM: silly message
  1210 | D:2      | XOM: divination: magic mapping
  1297 | D:3      | Noticed Terence
  1300 | D:3      | XOM: confuse monster(s)
  1309 | D:3      | Killed Terence
  1309 | D:3      | Reached skill level 1 in Stealth
  1314 | D:3      | Reached XP level 6. HP: 18/56 MP: 5/5
  1327 | D:3      | Reached skill level 6 in Polearms
  1523 | D:3      | Found a bloodstained altar of Trog.
  1523 | D:3      | Found an ornate altar of the Wu Jian Council.
  1561 | D:3      | Found a radiant altar of Vehumet.
  1568 | D:3      | Identified Xom's Almanac of Thrice Damned Blessings (Xom
                  | gifted it to you on level 3 of the Dungeon)
  1568 | D:3      | XOM: god gift: Xom's Almanac of Thrice Damned Blessings
  1583 | D:3      | XOM: god gift: scroll of enchant armour
  1677 | D:3      | Found a shadowy altar of Dithmenos.
  1722 | D:3      | Noticed Sigmund
  1735 | D:3      | Killed Sigmund
  1735 | D:3      | Reached XP level 7. HP: 47/61 MP: 6/6
  1919 | D:3      | Noticed Grinder
  1926 | D:3      | Banished Grinder
  1926 | D:3      | Reached skill level 7 in Polearms
  2142 | D:4      | XOM: summons 2 friendly demons
  2152 | D:4      | Found a shimmering altar of Xom.
  2180 | D:4      | Found a blossoming altar of Fedhas.
  2188 | D:4      | XOM: medium Fire miscast
  2194 | D:4      | XOM: noise
  2364 | D:4      | XOM: confusion (+ monsters)
  2389 | D:4      | Reached skill level 5 in Armour
  2436 | D:4      | Found a white marble altar of Elyvilon.
  2442 | D:4      | XOM: confusion (+ monsters)
  2535 | D:4      | Reached skill level 8 in Polearms
  2535 | D:4      | Reached XP level 8. HP: 70/70 MP: 7/7
  2611 | D:4      | XOM: harmless Pois miscast
  3017 | D:4      | XOM: summons 4 hostile demons
  3159 | D:4      | Gained mutation: You can translocate small distances at
                  | will. [potion of mutation]
  3159 | D:4      | Gained mutation: You expend magic power (3 MP) to
                  | strengthen your wands. [potion of mutation]
  3159 | D:4      | Gained mutation: You have large cloven feet. [potion of
                  | mutation]
  3159 | D:4      | Gained mutation: You are partially covered in icy blue
                  | scales. (AC +2) [potion of mutation]
  3180 | D:4      | XOM: noise
  3186 | D:5      | Entered Level 5 of the Dungeon
  3316 | D:5      | XOM: 1-stop teleportation journey
  3372 | D:5      | XOM: 1-stop teleportation journey
  3551 | D:5      | XOM: scenery: create altars
  3705 | D:6      | Noticed Duvessa
  3705 | D:6      | Noticed Dowan
  3707 | D:6      | XOM: destruction
  3718 | D:6      | Killed Dowan
  3724 | D:6      | XOM: divination: magic mapping
  3729 | D:6      | XOM: summons 2 friendly demons
  3736 | D:6      | Killed Duvessa
  3774 | D:6      | XOM: scenery: create altars
  3802 | D:6      | XOM: mild Chrm miscast
  3804 | D:6      | Reached skill level 9 in Polearms
  3857 | D:6      | Noticed Blork the orc
  3865 | D:6      | XOM: medium Tloc miscast
  3870 | D:6      | Killed Blork the orc
  3909 | D:6      | XOM: summons friendly iron imp
  3952 | D:6      | XOM: 6-stop teleportation journey
  3988 | D:6      | Reached skill level 5 in Dodging
  3988 | D:6      | Reached XP level 9. HP: 46/79 MP: 8/8
  4054 | D:6      | Noticed Prince Ribbit
  4066 | D:6      | Killed Prince Ribbit
  4146 | D:6      | Found a staircase to the Ecumenical Temple.
  4173 | D:6      | Noticed Edmund
  4186 | D:6      | Killed Edmund
  4273 | D:6      | XOM: give mutation
  4273 | D:6      | Gained mutation: You are agile. (Dex +2) [Xom's grace]
  4353 | D:7      | XOM: fake destruction
  4402 | D:7      | Found a flagged portal.
  4453 | Bailey   | Entered a bailey
  4501 | Bailey   | XOM: harmless Pois miscast
  4726 | Bailey   | Reached skill level 10 in Polearms
  4726 | Bailey   | Reached skill level 1 in Throwing
  4874 | Bailey   | XOM: 3-stop teleportation journey
  4909 | Bailey   | Noticed an orc knight
  4912 | Bailey   | XOM: summons friendly quasit
  4914 | Bailey   | XOM: potion effect (heal wounds)
  4918 | Bailey   | Killed an orc knight
  4933 | Bailey   | XOM: summons friendly ufetubus
  5077 | D:7      | XOM: god gift: 8 poisoned tomahawks
  5143 | D:7      | XOM: medium Fire miscast
  5149 | D:7      | XOM: cleaving
  5160 | D:7      | Reached XP level 10. HP: 53/88 MP: 9/9
  5238 | D:7      | Found a hazy altar of Hepliaklqana.
  5245 | D:7      | XOM: give mutations
  5245 | D:7      | Gained mutation: You are partially covered in thin metallic
                  | scales. (AC +2) [Xom's grace]
  5245 | D:7      | Gained mutation: You are resistant to hostile enchantments.
                  | (MR+) [Xom's grace]
  5245 | D:7      | Gained mutation: Your movements are slightly less
                  | encumbered by armour. (ER -2) [Xom's grace]
  5245 | D:7      | Gained mutation: Your flesh is cold resistant. (rC+) [Xom's
                  | grace]
  5257 | D:7      | XOM: enchant monster (good)
  5333 | D:7      | XOM: scenery: create altars
  5434 | D:7      | XOM: give mutations
  5434 | D:7      | Gained mutation: Armour fits poorly on your strangely
                  | shaped body. [Xom's mischief]
  5434 | D:7      | Lost mutation: You are resistant to hostile enchantments.
                  | (MR+) [Xom's mischief]
  5443 | D:7      | Noticed an angel
  5444 | D:7      | Found a glowing silver altar of Zin.
  5509 | D:8      | Reached skill level 5 in Throwing
  5519 | D:8      | XOM: divination: detect items
  5555 | D:8      | XOM: summons 5 hostile demons
  5564 | D:8      | Found a staircase to the Lair.
  5564 | D:8      | XOM: 9-stop teleportation journey
  5602 | D:8      | Noticed Eustachio
  5609 | D:8      | XOM: confuse monster(s)
  5685 | D:8      | Killed Eustachio
  5859 | D:8      | Noticed Erica
  5867 | D:8      | XOM: enchant monster (good)
  5872 | D:8      | XOM: cast spell 'Alistair's Intoxication'
  5873 | D:8      | XOM: summons friendly ufetubus
  5898 | D:8      | Killed Erica
  5934 | D:8      | XOM: summons 5 friendly demons
  5949 | D:8      | XOM: give mutations
  5949 | D:8      | Gained mutation: You are resistant to hostile enchantments.
                  | (MR+) [Xom's grace]
  5949 | D:8      | Gained mutation: Your system is resistant to poisons.
                  | (rPois) [Xom's grace]
  6166 | D:8      | XOM: give mutations
  6166 | D:8      | Gained mutation: Your natural rate of healing is unusually
                  | fast. [Xom's grace]
  6166 | D:8      | Gained mutation: Your flesh is heat resistant. (rF+) [Xom's
                  | grace]
  6711 | D:8      | Noticed Maurice
  6713 | D:8      | XOM: smoke on damage
  6719 | D:8      | Killed Maurice
  6719 | D:8      | Reached skill level 1 in Long Blades
  6811 | D:8      | Found a glowing silver altar of Zin.
  6848 | D:8      | Found a runed translucent door.
  6848 | D:8      | Noticed a centaur warrior
  6850 | D:8      | Noticed a centaur warrior
  6850 | D:8      | Noticed a manticore
  6850 | D:8      | Noticed a fire dragon
  6850 | D:8      | Noticed a flayed ghost
  6855 | D:8      | XOM: smoke on damage
  6868 | D:8      | HP: 1/90 [troll (shapeshifter) (5)]
  6868 | D:8      | Mangled by a troll (shapeshifter)

Skill      XL: |  1  2  3  4  5  6  7  8  9 10 |
---------------+-------------------------------+-----
Fighting       | 4 5 6 7 8 |  8.8
Polearms       | 4 5 6 8 9 10 | 10.8
Armour         | 3 4 5 6 7 9 |  9.1
Dodging        | 2 3 5 6 |  6.0
Stealth        | 1 2 3 4 |  4.2
Throwing       | 4 6 |  6.5
Long Blades    | 2 |  2.3
Evocations     | |  0.1

Action                   |  1- 3 |  4- 6 |  7- 9 | 10-12 || total
-------------------------+-------+-------+-------+-------++-------
Melee: Spear             |    77 |   200 |   363 |   140 ||   780
       Headbutt          |    10 |    30 |    73 |    54 ||   167
       Kick              |       |       |    70 |    71 ||   141
       Scimitar          |       |       |       |    58 ||    58
Throw: Tomahawk          |       |       |    31 |    55 ||    86
 Abil: Evoke Berserk Rag |       |       |       |     1 ||     1
  Use: Scroll            |     1 |     4 |    18 |     5 ||    28
       Potion            |       |     1 |     6 |     3 ||    10
 Stab: Paralysed         |     3 |       |     5 |     3 ||    11
       Confused          |       |       |     1 |       ||     1
  Eat: Ration            |     1 |     1 |     3 |     3 ||     8
Armor: Leather armour    |    13 |       |       |       ||    13
       Ring mail         |    11 |    73 |   102 |       ||   186
       Plate armour      |       |       |    20 |   136 ||   156
Dodge: Dodged            |    35 |    83 |   221 |   111 ||   450
       Rpst.: Scimitar   |       |       |       |     7 ||     7
